 Dungeon Crawl Stone Soup version 0.31-a0-1059-g83d41fd8b6 (webtiles) character file.

Game seed: 6692757903428643742

233 Nedwor the Cutter (level 6, 0/48 HPs)
             Began as a Merfolk Gladiator on Nov 21, 2023.
             Slain by a ball python (1 damage)
             ... on level 4 of the Dungeon.
             The game lasted 00:03:33 (2858 turns).

Nedwor the Cutter (Merfolk Gladiator)               Turns: 2858, Time: 00:03:33

Health: 0/48       AC:  4    Str: 14    XL:     6   Next: 5%
Magic:  6/6        EV: 11    Int:  7    God:
Gold:   250        SH:  0    Dex: 18    Spells: 5/5 levels left

rFire   . . .        a - +0 rapier
rCold   . . .        (no shield)
rNeg    . . .        b - +0 leather armour
rPois   .            c - +0 helmet
rElec   .            (no cloak)
rCorr   .            (no gloves)
SInv    .            (no boots)
Will    .....        (no amulet)
Stlth   +            (no ring)
HPRegen 0.28/turn    (no ring)
MPRegen 0.10/turn

%: no passive effects
@: constricted
A: (nimble swimmer 2), mertail
a: no special abilities


You were on level 4 of the Dungeon.
You visited 1 branch of the dungeon, and saw 4 of its levels.

You collected 250 gold pieces.

Inventory:

Hand Weapons
 a - a +0 rapier (weapon)
Missiles
 d - 3 throwing nets (quivered)
 e - a javelin
Armour
 b - a +0 leather armour (worn)
 c - a +0 helmet (worn)
Jewellery
 f - an amulet of the acrobat
 r - a +5 ring of evasion
 t - an amulet of reflection
Wands
 i - a wand of flame (20)
Scrolls
 g - a scroll of identify {unknown}
 h - a scroll of enchant weapon {unknown}
 m - a scroll of noise {unknown}
 n - a scroll of revelation {unknown}
 s - a scroll of teleportation {unknown}
Potions
 j - a potion of magic {unknown}
 k - a potion of curing {unknown}
 l - a potion of heal wounds {unknown}
 o - a potion of mutation {unknown}
 p - a potion of brilliance {unknown}
 q - a potion of cancellation {unknown}
 u - a potion of lignification {unknown}
 v - a potion of degeneration {unknown}


   Skills:
 + Level 3.7 Fighting
 * Level 6.1 Short Blades
 - Level 2.0 Throwing
 + Level 5.5 Dodging


You had 5 spell levels left.
You didn't know any spells.
Your spell library was empty.

Dungeon Overview and Level Annotations

Branches:
Dungeon (4/15)
 Temple: D:4-7

Altars:
Cheibriados
Makhleb


Innate Abilities, Weirdness & Mutations

((You are very nimble when in or above water. (Stealth+, EV+, Speed+++)))
Your lower body shifts to a powerful aquatic tail in water.


Message History

You hit the iguana.
The iguana is almost dead.
The hound barely misses you. The iguana bites you!
The ball python completely misses you. The ball python misses you.
You are too injured to fight recklessly!
You are too injured to fight recklessly!
You are too injured to fight recklessly!
You are too injured to fight recklessly!
You are too injured to fight recklessly!
You are too injured to fight recklessly!
You are too injured to fight recklessly!
You are too injured to fight recklessly!
You are too injured to fight recklessly!
You are too injured to fight recklessly!
You are too injured to fight recklessly!
You are too injured to fight recklessly!
You are too injured to fight recklessly!
You are too injured to fight recklessly!
You are too injured to fight recklessly!
You are too injured to fight recklessly!
You are too injured to fight recklessly!
You are too injured to fight recklessly!
You are too injured to fight recklessly!
You are too injured to fight recklessly!
You barely miss the hound. The hound misses you. The iguana barely misses you.
The ball python closely misses you. x2
You hit the iguana but do no damage.
The iguana is almost dead.
The hound closely misses you. The iguana closely misses you.
The hound bites you. The ball python barely misses you.
The ball python misses you.
You closely miss the hound. The hound completely misses you.
The ball python bites you.
* * * LOW HITPOINT WARNING * * *
The ball python grabs you. The ball python constricts you.
The iguana bites you!
* * * LOW HITPOINT WARNING * * *
You closely miss the hound. The hound barely misses you.
The ball python bites you.
You die...

#.##.# #.##...#######
#.######
####.###.####### ..
#.#.........# ...
#.#.........#####....
..#.........#...
#.#########.#.# #.#
#...# #######..#####
#....l@h......#
#..)...S......#
#.............#
#..............
#..............
................
.#..............
#.............


You could see an iguana, a hound and a ball python.

Vanquished Creatures
  Jessica (D:2)
  Natasha (D:2)
  An orc wizard (D:3)
  3 gnolls (D:4)
  7 adders
  A worm (D:3)
  A dart slug (D:4)
  5 orcs (D:3)
  2 ball pythons (D:2)
  5 endoplasms
  2 giant cockroaches (D:1)
  3 goblins
  5 hobgoblins
  7 kobolds
  3 quokkas
  6 bats
  5 frilled lizards
  4 rats
  A spectral kobold (D:3)
63 creatures vanquished.

Notes
Turn   | Place    | Note
-------+----------+-------------------------------------------
     0 | D:1      | Nedwor the Merfolk Gladiator began the quest for the Orb.
     0 | D:1      | Reached XP level 1. HP: 16/16 MP: 1/1
   159 | D:1      | Reached skill level 4 in Short Blades
   159 | D:1      | Reached XP level 2. HP: 21/23 MP: 2/2
   647 | D:2      | Reached XP level 3. HP: 21/28 MP: 3/3
   834 | D:2      | Noticed Jessica
   847 | D:2      | Killed Jessica
   848 | D:2      | Reached skill level 5 in Short Blades
   848 | D:2      | Reached XP level 4. HP: 26/35 MP: 4/4
  1352 | D:2      | Noticed Natasha
  1362 | D:2      | Killed Natasha
  1566 | D:3      | Reached skill level 5 in Dodging
  1658 | D:3      | Found a faded altar of an unknown god.
  1709 | D:3      | Reached XP level 5. HP: 16/41 MP: 5/5
  2616 | D:4      | Reached skill level 6 in Short Blades
  2621 | D:4      | Reached XP level 6. HP: 12/48 MP: 6/6
  2820 | D:4      | Found a burning altar of Makhleb.
  2820 | D:4      | Found a snail-covered altar of Cheibriados.
  2857 | D:4      | HP: 1/48 [iguana (13)]
  2858 | D:4      | Slain by a ball python

Illustrated notes

Levels and vault maps discovered:
D:1:      dpeg_arrival_arbitrary_b, layout_rooms
D:2:      layout_basic, nicolae_houndstooth_variations, uniq_jessica,
          uniq_natasha
D:3:      layout_rooms, portal_sewer_entry_e,
          dreamdust_ecumenical_altar_drowned_temple
D:4:      layout_basic, gammafunk_temple_overflow_pools, minmay_distorted,
          uniq_edmund, uniq_ijyb, uniq_crazy_yiuf_cottage

Skill      XL: |  1  2  3  4  5 |
---------------+----------------+-----
Short Blades   | 4 5 6 |  6.1
Fighting       | 3 |  3.7
Dodging        | 5 |  5.5
Throwing       | |  2.0

Action                     |  1- 3 |  4- 6 || total
---------------------------+-------+-------++-------
  Melee: Rapier            |    89 |   180 ||   269
         Punch             |     1 |     1 ||     2
   Stab: Sleeping          |     1 |     1 ||     2
 Armour: Leather armour    |    37 |    94 ||   131
  Dodge: Dodged            |    69 |   146 ||   215

Table legend: (Time is in decaauts)
 A = Elapsed time spent in this place.
 B = Non-inter-level travel time spent in this place.
 C = Inter-level travel time spent in this place.
 D = Time resting spent in this place.
 E = Time spent auto-exploring this place.
 F = Levels seen in this place.
 G = Mean time per level.
                   A        B        C        D        E       F      G
               +--------+--------+--------+--------+--------+-----+--------+
         Total |   2831 |   2726 |    105 |      0 |   2226 |   4 |  707.8 |
       Dungeon |   2831 |   2726 |    105 |      0 |   2226 |   4 |  707.8 |
               +--------+--------+--------+--------+--------+-----+--------+

Top non-repeatable levels by time:
     D:2: 1103 daAuts
     D:3: 815 daAuts
     D:4: 458 daAuts
     D:1: 453 daAuts
